 Dungeon Crawl Stone Soup version 0.29-a0-490-g77b3608bb8 (webtiles) character file.

Game seed: 13625769814989025315

3726 SuperHamster the Sneak (level 10, -4/66 HPs)
             Began as an Octopode Conjurer on May 27, 2022.
             Was an Initiate of Gozag.
             Slain by an elephant (6 damage)
             ... while petrified by a basilisk
             ... on level 1 of the Lair of Beasts.
             The game lasted 00:29:14 (16857 turns).

SuperHamster the Sneak (Octopode Conjurer)         Turns: 16857, Time: 00:29:15

Health: -4/66      AC:  1    Str:  7    XL:     10   Next: 14%
Magic:  23/23      EV:  2    Int: 24    God:    Gozag
Gold:   612        SH:  0    Dex: 11    Spells: 5/15 levels left

rFire   . . .      SeeInvis .   d - +0 spear
rCold   . . .      Faith    .   D - +1 buckler
rNeg    + + +      Spirit   .   (helmet restricted)
rPois   ∞          Reflect  .   B - amulet of regeneration
rElec   .          Harm     .   y - ring of positive energy
rCorr   .          Rampage  .   c - ring of magical power
Will    .....                   (no ring)
Stlth   +++++.....              (no ring)
HPRegen 1.01/turn               (no ring)
MPRegen 0.18/turn               (no ring)
                                (no ring)
                                (no ring)

@: petrified, studying Fire Magic
A: almost no armour, amphibious, 8 rings, camouflage 1, gelatinous body 1,
(nimble swimmer 1), tentacles
a: Renounce Religion, Potion Petition, Call Merchant, Bribe Branch


You were on level 1 of the Lair of Beasts.
You worshipped Gozag.
Gozag was pleased with you.
You visited 3 branches of the dungeon, and saw 10 of its levels.

You collected 854 gold pieces.
You spent 146 gold pieces at shops.
You paid 96 gold pieces to Gozag.

Inventory:

Hand Weapons
 b - a +0 dagger
 d - a +0 spear (weapon)
 H - a +1 dagger of venom
 I - a +2 vampiric short sword
 J - a +3 short sword
Missiles
 K - 12 poisoned darts
Armour
 i - a +1 tower shield
 D - a +1 buckler (worn)
Magical Staves
 s - a staff of fire
Jewellery
 c - a ring of magical power (right tentacle)
 k - a ring of flight
 y - a ring of positive energy (left tentacle)
 B - an amulet of regeneration (around mantle)
Wands
 h - a wand of paralysis (15)
 r - a wand of charming (19)
 w - a wand of flame (17)
 x - a wand of iceblast (7)
 A - a wand of digging (8)
Scrolls
 l - 3 scrolls of teleportation
 m - a scroll of enchant weapon
 n - a scroll of fear
 q - a scroll of vulnerability
 t - a scroll of poison
 C - a scroll of amnesia
 E - a scroll of magic mapping
Potions
 a - 2 potions of magic
 e - 3 potions of curing
 f - 2 potions of invisibility
 g - 2 potions of haste
 j - a potion of lignification
 o - 3 potions of heal wounds
 p - a potion of resistance {unknown}
 u - a potion of cancellation {unknown}
 v - a potion of berserk rage
 z - 2 potions of brilliance
 F - 2 potions of might
 G - a potion of mutation {unknown}


   Skills:
 + Level 5.2 Fighting
 + Level 5.5 Dodging
 + Level 7.9 Stealth
 * Level 4.6 Shields
 - Level 3.0 Spellcasting
 * Level 7.2 Conjurations
 * Level 7.1 Hexes


You had 5 spell levels left.
You knew the following spells:

 Your Spells              Type           Power      Damage    Failure   Level
a - Searing Ray           Conj           76%        2d7       1%          2
c - Fulminant Prism       Conj/Hex       19%        3d11      7%          4
d - Iskenderun's Mystic   Conj/Tloc      21%        2d6       30%         4

Your spell library contained the following spells:

 Spells                   Type           Power      Damage    Failure   Level
 Magic Dart               Conj           100%       1d8       1%          1
 Dazzling Flash           Conj/Hex       76%        N/A       2%          3
 Foxfire                  Conj/Fire      84%        2x1d8     3%          1
 Conjure Flame            Conj/Fire      21%        6-21      10%         3
 Inner Flame              Hex/Fire       20%        N/A       10%         3
 Apportation              Tloc           6%         N/A       14%         1
 Necrotize                Necr           12%        1d4       14%         1
 Summon Small Mammal      Summ           12%        N/A       14%         1
 Blink                    Tloc           6%         N/A       21%         2
 Flame Wave               Conj/Fire      21%        2d7       30%         4
 Gell's Gravitas          Tloc           3%         N/A       38%         3
 Lesser Beckoning         Tloc           3%         N/A       38%         3
 Teleport Other           Tloc           3%         N/A       38%         3
 Lee's Rapid Deconstruct  Erth           1%         3d5*      98%         5
 Manifold Assault         Tloc           3%         N/A       98%         5


Dungeon Overview and Level Annotations

Branches:
Dungeon (8/15)             Temple (1/1) D:6            Lair (1/6) D:8

Altars:
Ashenzari
Gozag
Qazlal
Sif Muna
Trog
Uskayaw
Wu Jian
The Shining One

Shops:
D:2 !   D:4 *!:[   D:5 :


Innate Abilities, Weirdness & Mutations

You cannot wear most types of armour.
You are amphibious.
You can wear up to eight rings at the same time.
Your skin changes colour to match your surroundings (Stealth+).
Your rubbery body absorbs attacks. (AC +1, EV +1)
((You are camouflaged when in or above water. (Stealth+)))
You have tentacles for arms and can constrict up to eight enemies at once.


Message History

You start resting.
Magic restored.
Unknown command.
You climb downwards.
Welcome back to the Lair of Beasts!
The basilisk gazes at you. You resist with some effort.
The basilisk gazes at you.
You are slowing down.
There is a staircase back to the Dungeon here.
The basilisk gazes at you.
Your limbs have turned to stone.
You have turned to stone.
The basilisk gazes at you. The elephant tramples you!
You are shoved backwards!
You stop ascending the stairs.
The elephant tramples you!
You hold your ground!
The elephant trunk-slaps you but does no damage.
The elephant tramples you.
You hold your ground!
The elephant trunk-slaps you. The basilisk gazes at you.
The elephant tramples you!
You hold your ground!
The elephant trunk-slaps you. The basilisk bites you!
The elephant tramples you!
You hold your ground!
The elephant trunk-slaps you. The basilisk bites you!
The elephant tramples you.
You hold your ground!
The elephant trunk-slaps you. The basilisk bites you! The basilisk bites you.
The elephant tramples you!
* * * LOW HITPOINT WARNING * * *
You hold your ground!
The elephant trunk-slaps you.
* * * LOW HITPOINT WARNING * * *
The elephant tramples you.
You hold your ground!
The elephant trunk-slaps you.
* * * LOW HITPOINT WARNING * * *
The basilisk bites you!
* * * LOW HITPOINT WARNING * * *
The elephant tramples you!
* * * LOW HITPOINT WARNING * * *
You hold your ground!
The elephant trunk-slaps you.
* * * LOW HITPOINT WARNING * * *
The elephant tramples you!
You die...
Your body crumbles into a pile of gold.

# .. .. $
.. .###
####....##
#@Y......#
#Yl.......
#.........
.........#
##........#
#........#
#.........
#........#


You could see 2 elephants and a basilisk.

Vanquished Creatures
  A two-headed ogre (D:8)
  A steam dragon (D:8)
  2 orc warriors
  A sky beast (D:7)
  4 black bears
  An ice beast (D:7)
  3 centaurs
  3 bullfrogs
  A kobold brigand (D:8)
  A gnoll sergeant (D:8)
  4 scorpions
  5 wights (D:7)
  A howler monkey (D:4)
  A jelly (D:6)
  A gnoll shaman (D:8)
  5 orc priests
  2 hounds
  An iguana (D:6)
  8 orc wizards
  10 gnolls
  11 adders
  2 shadow imps
  A white imp (D:6)
  5 dart slugs
  30 orcs
  4 ball pythons
  5 endoplasms
  4 giant cockroaches
  8 goblins
  10 hobgoblins
  4 jackals (D:4)
  5 quokkas
  3 bats (D:1)
  A frilled lizard (D:2)
  16 kobolds
  5 rats
170 creatures vanquished.

Vanquished Creatures (collateral kills)
  A cyclops (D:6)
1 creature vanquished.

Vanquished Creatures (others)
  59 fulminant prisms
  20 fungi (D:8)
  17 plants (D:8)
96 creatures vanquished.

Grand Total: 267 creatures vanquished

Notes
Turn   | Place    | Note
-------+----------+-------------------------------------------
     0 | D:1      | SuperHamster the Octopode Conjurer began the quest for the
                  | Orb.
     0 | D:1      | Reached XP level 1. HP: 11/11 MP: 3/3
   404 | D:1      | Reached XP level 2. HP: 18/18 MP: 0/5
   407 | D:1      | Learned a level 2 spell: Searing Ray
   551 | D:1      | Reached skill level 1 in Hexes
   817 | D:1      | Reached skill level 1 in Fighting
   880 | D:1      | Found a faded altar of an unknown god.
  1397 | D:2      | Found Roappij's Distillery.
  1460 | D:2      | Reached XP level 3. HP: 23/23 MP: 0/6
  1948 | D:2      | Reached XP level 4. HP: 14/28 MP: 0/7
  2575 | D:2      | Found a glowing golden altar of the Shining One.
  3366 | D:3      | Reached XP level 5. HP: 34/34 MP: 4/8
  3557 | D:3      | Learned a level 4 spell: Fulminant Prism
  3625 | D:3      | Found a bloodstained altar of Trog.
  4247 | D:4      | Found Veseuc's General Store.
  4303 | D:4      | Found Nyref Qige's Book Emporium.
  4467 | D:4      | Found Paizul's Antique Armour Boutique.
  5023 | D:4      | Reached XP level 6. HP: 39/39 MP: 3/10
  5310 | D:4      | Found Vetasm's Distillery.
  5405 | D:5      | Entered Level 5 of the Dungeon
  5405 | D:5      | Found Edaren's Book Shop.
  5712 | D:5      | HP: 2/41 [centaur/arrow (12)]
  6139 | D:5      | You fall into a shaft and drop 2 floors!
  6175 | D:6      | Reached XP level 7. HP: 28/45 MP: 1/11
  6659 | D:5      | Reached skill level 5 in Stealth
  7922 | D:6      | Noticed a cyclops
  8822 | D:6      | Killed a cyclops
  8823 | D:6      | Reached skill level 5 in Conjurations
  8823 | D:6      | Reached skill level 5 in Hexes
  8823 | D:6      | Reached XP level 8. HP: 39/54 MP: 7/12
  9018 | D:6      | Found a staircase to the Ecumenical Temple.
  9028 | Temple   | Entered the Ecumenical Temple
  9035 | Temple   | Became a worshipper of Gozag Ym Sagoz the Greedy
  9159 | D:4      | Bought a +0 buckler for 54 gold pieces
  9186 | D:4      | Bought a potion of heal wounds for 50 gold pieces
  9211 | D:4      | Bought a scroll of magic mapping for 42 gold pieces
 10020 | D:7      | Reached skill level 1 in Shields
 10733 | D:7      | Reached XP level 9. HP: 58/58 MP: 11/13
 13595 | D:8      | Reached skill level 5 in Dodging
 14611 | D:8      | Noticed a two-headed ogre
 14665 | D:8      | Killed a two-headed ogre
 14666 | D:8      | Reached skill level 5 in Fighting
 14666 | D:8      | Reached XP level 10. HP: 66/66 MP: 2/14
 15352 | D:8      | Found a staircase to the Lair.
 16344 | D:8      | Found a staircase to the Lair.
 16748 | D:8      | Learned a level 4 spell: Iskenderun's Mystic Blast
 16811 | Lair:1   | Entered Level 1 of the Lair of Beasts
 16847 | Lair:1   | Noticed an elephant
 16848 | Lair:1   | Noticed an elephant
 16857 | Lair:1   | HP: 3/66 [elephant (7)]
 16857 | Lair:1   | Slain by an elephant

Illustrated notes

Levels and vault maps discovered:
D:1:      dpeg_arrival_short_road, layout_basic,
          chequers_ecumenical_altar_island
D:2:      layout_rooms, serial_corexii_hall, corexii_hall_statues_u,
          corexii_hall_statues_i, basic_altar, serial_shops, shop,
          grunt_decor_one_mirror, minmay_joined_circles
D:3:      layout_basic, mainiacjoe_overflow_chevrons, serial_co_window_serial,
          co_window_paths_a, co_window_corner_a, co_window_paths_a,
          co_window_paths_b, co_window_cross_1, co_window_of_opportunity_a,
          co_window_paths_a, co_window_paths_b, co_window_corner_a,
          co_window_broadway_a, co_window_corner_cb, co_window_corner_b,
          co_window_broadway_c, co_window_paths_d, glass_columns_a,
          glass_columns_c, glass_columns_b
D:4:      layout_basic, serial_glass, glass_columns_b, glass_columns_b,
          glass_columns_c, glass_columns_b, glass_columns_a, glass_columns_b,
          serial_shops, shop, shop, shop, shop, kennysheep_generic_room_10
D:5:      layout_cave_pods, serial_shops, nicolae_stop_n_shop_2
D:6:      layout_basic, minmay_temple_entry_enclosed_plants
D:7:      layout_loops_corners
D:8:      layout_layer_cave, grunt_lair_entry_orc_guard_hut
Temple:   nicolae_temple_the_god_donut
Lair:1:   layout_roguey, nicolae_quartered_pool_medium,
          infiniplex_staircase_pool_2

Skill      XL: |  1  2  3  4  5  6  7  8  9 |
---------------+----------------------------+-----
Hexes          | 1 2 3 4 5 7 |  7.1
Fighting       | 1 2 3 4 5 |  5.2
Stealth        | 3 4 6 7 |  7.9
Spellcasting   | 3 |  3.0
Dodging        | 3 4 5 |  5.5
Conjurations   | 5 7 |  7.2
Shields        | 2 4 |  4.6

Action                   |  1- 3 |  4- 6 |  7- 9 | 10-12 || total
-------------------------+-------+-------+-------+-------++-------
Melee: Dagger            |     3 |       |       |       ||     3
       Tentacles         |     1 |    15 |     9 |     1 ||    26
       Spear             |     3 |    77 |    26 |     6 ||   112
       Constrict         |     2 |    17 |     8 |     2 ||    29
       Punch             |       |       |     2 |       ||     2
 Cast: Magic Dart        |    28 |     1 |       |       ||    29
       Searing Ray       |    18 |    25 |    35 |     3 ||    81
       Fulminant Prism   |       |     2 |    46 |    11 ||    59
Evoke: Wand              |       |       |     2 |       ||     2
  Use: Scroll            |       |    10 |    10 |     1 ||    21
       Potion            |       |       |     2 |       ||     2
 Stab: Sleeping          |       |     5 |       |       ||     5
       Distracted        |       |     1 |       |       ||     1
Armor: Skin              |     1 |     4 |     3 |     1 ||     9
Dodge: Dodged            |     5 |    37 |    43 |     3 ||    88
Block: Buckler           |       |       |    15 |     2 ||    17

Table legend: (Time is in decaauts)
 A = Elapsed time spent in this place.
 B = Non-inter-level travel time spent in this place.
 C = Inter-level travel time spent in this place.
 D = Time resting spent in this place.
 E = Time spent auto-exploring this place.
 F = Levels seen in this place.
 G = Mean time per level.
                   A        B        C        D        E       F      G
               +--------+--------+--------+--------+--------+-----+--------+
         Total |  16880 |  16290 |    590 |   5619 |   8799 |  10 | 1688.0 |
       Dungeon |  16808 |  16218 |    590 |   5579 |   8799 |   8 | 2101.0 |
        Temple |     53 |     53 |      0 |     40 |      0 |   1 |   53.0 |
          Lair |     18 |     18 |      0 |      0 |      0 |   1 |   18.0 |
               +--------+--------+--------+--------+--------+-----+--------+

Top non-repeatable levels by time:
     D:7: 3718 daAuts
     D:6: 2796 daAuts
     D:8: 2787 daAuts
     D:4: 1658 daAuts
     D:5: 1598 daAuts
     D:1: 1545 daAuts
     D:2: 1529 daAuts
     D:3: 1175 daAuts
  Temple: 53 daAuts
  Lair:1: 18 daAuts
